[ AOE2 MATCH · #477423129 ]
UnrankedPortuguese vs Britons
[ REPLAY ANALYSIS · EXTRACTED FROM THE RECORDED GAME ]
Feudal
11:19
Castle
15:34
Imperial
—
| APM avg | 31.3 |
| APM peak | 60 |
| eAPM avg | 15.9 |
| Villagers / military | 59 / 40 |
Focus
⚔️ 28.9% · 🌾 71.1%
Organ Gun ×39 · Monk ×1
Feudal
8:57
Castle
21:06
Imperial
—
| APM avg | 61.5 |
| APM peak | 106 |
| eAPM avg | 25.5 |
| Villagers / military | 87 / 64 |
Focus
⚔️ 42.0% · 🌾 58.0%
Archer ×64
Feudal
10:20
Castle
13:53
Imperial
—
| APM avg | 45.1 |
| APM peak | 89 |
| eAPM avg | 15.2 |
| Villagers / military | 93 / 48 |
Focus
⚔️ 21.2% · 🌾 78.8%
Steppe Lancer ×21 · Camel Scout ×16 · Mangudai ×11
Feudal
11:45
Castle
16:50
Imperial
—
| APM avg | 23.5 |
| APM peak | 74 |
| eAPM avg | 11.7 |
| Villagers / military | 75 / 55 |
Focus
⚔️ 19.7% · 🌾 80.3%
Knight ×37 · Scout Cavalry ×18
Feudal
8:52
Castle
21:22
Imperial
—
| APM avg | 55.8 |
| APM peak | 100 |
| eAPM avg | 17.6 |
| Villagers / military | 79 / 45 |
Focus
⚔️ 32.5% · 🌾 67.5%
Knight ×32 · Scout Cavalry ×9 · Camel Scout ×4
Feudal
10:19
Castle
14:16
Imperial
—
| APM avg | 45.7 |
| APM peak | 93 |
| eAPM avg | 24.0 |
| Villagers / military | 156 / 85 |
Focus
⚔️ 35.0% · 🌾 65.0%
Eagle Scout ×85
Feudal
8:51
Castle
22:39
Imperial
—
| APM avg | 64.3 |
| APM peak | 101 |
| eAPM avg | 26.1 |
| Villagers / military | 52 / 72 |
Focus
⚔️ 58.9% · 🌾 41.1%
Archer ×72
Feudal
9:34
Castle
—
Imperial
—
| APM avg | 44.9 |
| APM peak | 100 |
| eAPM avg | 14.8 |
| Villagers / military | 50 / 34 |
Focus
⚔️ 23.3% · 🌾 76.7%
Archer ×25 · Spearman ×5 · Skirmisher ×4
Match map
Initial resources + every placement click. Lines = walls · curves = elevation contours. ◆ gold · ⬟ stone · ● berries · ✦ relic · ◌ wall gap
Your base· ✓ Closed at 15:34 · 0t walls · 2 gate(s)
AM | Chuchin's base· ✓ Closed at 21:06 · 4t walls · 3 gate(s)
Patopsx's base· ✓ Closed at 13:53 · 0t walls · 3 gate(s)
AM | Popeyin's base· ✓ Closed at 16:50 · 0t walls · 3 gate(s)
AM | DEMONIO_MX's base· ✓ Closed at 21:22 · 0t walls · 3 gate(s)
Mazeta's base· ✓ Closed at 14:16 · 0t walls · 2 gate(s)
AM | Aparato de Golgi's base· ✓ Closed at 22:39 · 7t walls · 2 gate(s)
我是好人's base· ✓ Closed at 12:00 · 0t walls · 2 gate(s)
Smoothed initial terrain · ◌ = detected wall gap · hover for details
Inputs per minute
— El Choro Stifen - - AM | Chuchin
Build order — El Choro Stifen
First 150 of 165 actions detected
| 0:02 | Create | Villager (Male) |
| 0:03 | Build | House |
| 0:04 | Build | House |
| 0:15 | Create | Villager (Male) |
| 0:15 | Create | Villager (Male) |
| 0:16 | Create | Villager (Male) |
| 1:58 | Build | Lumber Camp |
| 1:59 | Create | Villager (Male) |
| 2:00 | Create | Villager (Male) |
| 2:33 | Create | Villager (Male) |
| 3:18 | Create | Villager (Male) |
| 3:26 | Create | Villager (Male) |
| 3:49 | Build | House |
| 3:57 | Create | Villager (Male) |
| 4:23 | Create | Villager (Male) |
| 4:57 | Create | Villager (Male) |
| 5:18 | Create | Villager (Male) |
| 5:36 | Create | Villager (Male) |
| 5:50 | Build | House |
| 5:54 | Create | Villager (Male) |
| 5:58 | Build | Mill |
| 6:03 | Create | Villager (Male) |
| 6:39 | Create | Villager (Male) |
| 6:53 | Create | Villager (Male) |
| 7:10 | Create | Villager (Male) |
| 7:17 | Build | House |
| 7:22 | Build | House |
| 7:44 | Build | Farm |
| 7:52 | Build | Farm |
| 8:11 | Create | Villager (Male) |
| 8:22 | Create | Villager (Male) |
| 8:36 | Build | Farm |
| 9:06 | Research | Feudal Age |
| 9:13 | Build | Mining Camp |
| 9:19 | Build | House |
| 9:55 | Create | Villager (Male) |
| 9:55 | Create | Villager (Male) |
| 11:16 | Build | Mining Camp |
| 11:19 | Age | Feudal Age |
| 11:23 | Build | Blacksmith |
| 12:00 | Build | Market |
| 12:01 | Create | Villager (Male) |
| 12:26 | Research | Loom |
| 12:40 | Build | House |
| 12:46 | Research | Castle Age |
| 13:14 | Build | House |
| 13:30 | Research | Double-Bit Axe |
| 13:44 | Build | House |
| 13:56 | Research | Horse Collar |
| 14:00 | Build | Farm |
| 14:04 | Build | Farm |
| 14:22 | Build | House |
| 14:28 | Build | House |
| 14:35 | Build | Watch Tower |
| 15:34 | Age | Castle Age |
| 15:43 | Build | Castle |
| 15:51 | Create | Villager (Male) |
| 16:02 | Build | Farm |
| 16:04 | Create | Villager (Male) |
| 16:22 | Build | House |
| 16:25 | Build | House |
| 16:41 | Create | Organ Gun |
| 16:47 | Build | Farm |
| 16:49 | Build | Farm |
| 17:12 | Create | Organ Gun |
| 17:32 | Create | Villager (Male) |
| 17:37 | Build | Farm |
| 17:41 | Build | Farm |
| 17:55 | Create | Villager (Male) |
| 18:09 | Create | Organ Gun |
| 18:25 | Create | Villager (Male) |
| 18:25 | Create | Villager (Male) |
| 18:52 | Create | Organ Gun |
| 18:59 | Create | Villager (Male) |
| 19:15 | Create | Organ Gun |
| 19:16 | Create | Villager (Male) |
| 19:17 | Create | Villager (Male) |
| 19:33 | Create | Organ Gun |
| 19:34 | Create | Villager (Male) |
| 19:34 | Create | Villager (Male) |
| 19:42 | Build | Farm |
| 19:49 | Create | Villager (Male) |
| 19:51 | Create | Organ Gun |
| 20:09 | Create | Organ Gun |
| 20:20 | Create | Villager (Male) |
| 20:22 | Create | Organ Gun |
| 20:47 | Create | Organ Gun |
| 21:13 | Create | Organ Gun |
| 21:14 | Create | Villager (Male) |
| 21:15 | Create | Villager (Male) |
| 21:24 | Build | Monastery |
| 21:35 | Create | Villager (Male) |
| 21:45 | Research | Bow Saw |
| 21:52 | Create | Organ Gun |
| 22:08 | Create | Monk |
| 22:12 | Create | Villager (Male) |
| 22:16 | Research | Gold Mining |
| 22:25 | Create | Organ Gun |
| 22:44 | Create | Organ Gun |
| 22:47 | Create | Villager (Male) |
| 22:57 | Build | Farm |
| 23:02 | Build | Lumber Camp |
| 23:05 | Create | Organ Gun |
| 23:13 | Create | Villager (Male) |
| 23:25 | Create | Organ Gun |
| 23:53 | Create | Organ Gun |
| 23:54 | Create | Villager (Male) |
| 23:54 | Create | Villager (Male) |
| 24:02 | Build | Mining Camp |
| 24:07 | Create | Organ Gun |
| 24:17 | Create | Villager (Male) |
| 24:21 | Build | House |
| 24:22 | Build | House |
| 24:23 | Build | House |
| 24:24 | Build | House |
| 24:25 | Build | House |
| 24:30 | Create | Villager (Male) |
| 24:35 | Build | Farm |
| 24:40 | Create | Organ Gun |
| 25:01 | Create | Organ Gun |
| 25:11 | Build | University |
| 25:17 | Create | Villager (Male) |
| 25:18 | Create | Organ Gun |
| 25:37 | Create | Organ Gun |
| 25:37 | Create | Organ Gun |
| 26:04 | Create | Organ Gun |
| 26:07 | Create | Villager (Male) |
| 26:07 | Create | Villager (Male) |
| 26:27 | Create | Organ Gun |
| 26:36 | Research | Wheelbarrow |
| 26:40 | Create | Villager (Male) |
| 26:40 | Create | Villager (Male) |
| 26:45 | Build | Mining Camp |
| 26:49 | Create | Organ Gun |
| 27:08 | Create | Villager (Male) |
| 27:08 | Create | Villager (Male) |
| 27:24 | Create | Organ Gun |
| 27:37 | Build | House |
| 27:37 | Build | House |
| 27:38 | Build | House |
| 27:39 | Build | House |
| 27:46 | Create | Organ Gun |
| 28:04 | Build | Lumber Camp |
| 28:11 | Create | Villager (Male) |
| 28:11 | Create | Villager (Male) |
| 28:38 | Create | Organ Gun |
| 28:38 | Create | Organ Gun |
| 29:08 | Build | Watch Tower |
| 29:11 | Create | Villager (Male) |
| 29:11 | Create | Villager (Male) |
Build order — AM | Chuchin
First 150 of 279 actions detected
| 0:05 | Create | Villager (Male) |
| 0:05 | Create | Villager (Male) |
| 0:05 | Create | Villager (Male) |
| 0:06 | Build | House |
| 0:07 | Build | House |
| 0:09 | Create | Villager (Male) |
| 0:09 | Create | Villager (Male) |
| 0:10 | Create | Villager (Male) |
| 1:34 | Create | Villager (Male) |
| 1:52 | Create | Villager (Male) |
| 1:52 | Create | Villager (Male) |
| 2:19 | Create | Villager (Male) |
| 2:19 | Create | Villager (Male) |
| 2:19 | Create | Villager (Male) |
| 2:44 | Build | Lumber Camp |
| 2:57 | Create | Villager (Male) |
| 2:57 | Create | Villager (Male) |
| 3:07 | Create | Villager (Male) |
| 3:07 | Create | Villager (Male) |
| 3:39 | Create | Villager (Male) |
| 3:39 | Create | Villager (Male) |
| 3:53 | Build | House |
| 4:36 | Create | Villager (Male) |
| 5:14 | Build | Mining Camp |
| 5:32 | Create | Villager (Male) |
| 5:48 | Create | Villager (Male) |
| 5:49 | Create | Villager (Male) |
| 6:38 | Research | Feudal Age |
| 6:38 | Research | Feudal Age |
| 8:05 | Create | Villager (Male) |
| 8:08 | Build | Barracks |
| 8:15 | Research | Loom |
| 8:20 | Build | House |
| 8:57 | Age | Feudal Age |
| 9:04 | Build | Archery Range |
| 9:08 | Build | Archery Range |
| 9:21 | Create | Villager (Male) |
| 9:49 | Create | Villager (Male) |
| 9:55 | Research | Loom |
| 9:55 | Research | Loom |
| 10:07 | Create | Archer |
| 10:07 | Create | Archer |
| 10:10 | Build | House |
| 10:20 | Build | Palisade Wall |
| 10:22 | Build | Palisade Wall |
| 10:23 | Create | Villager (Male) |
| 10:31 | Create | Archer |
| 10:39 | Build | Blacksmith |
| 10:40 | Create | Archer |
| 10:42 | Create | Villager (Male) |
| 10:57 | Build | House |
| 11:08 | Create | Archer |
| 11:10 | Create | Archer |
| 11:14 | Research | Double-Bit Axe |
| 11:19 | Create | Villager (Male) |
| 11:19 | Create | Villager (Male) |
| 11:23 | Build | Mill |
| 11:27 | Build | House |
| 11:29 | Build | House |
| 11:30 | Create | Archer |
| 12:02 | Research | Fletching |
| 12:02 | Research | Fletching |
| 12:02 | Research | Fletching |
| 12:07 | Create | Archer |
| 12:07 | Create | Archer |
| 12:10 | Build | Farm |
| 12:11 | Build | Farm |
| 12:34 | Create | Archer |
| 12:34 | Create | Archer |
| 12:35 | Create | Villager (Male) |
| 12:43 | Build | Farm |
| 12:50 | Create | Archer |
| 13:08 | Create | Villager (Male) |
| 13:17 | Create | Villager (Male) |
| 13:19 | Build | Farm |
| 13:19 | Build | Farm |
| 13:34 | Create | Archer |
| 13:35 | Create | Archer |
| 14:06 | Create | Archer |
| 14:13 | Create | Villager (Male) |
| 14:14 | Create | Archer |
| 14:14 | Create | Archer |
| 14:21 | Research | Double-Bit Axe |
| 14:21 | Research | Double-Bit Axe |
| 14:23 | Create | Villager (Male) |
| 14:49 | Create | Archer |
| 14:51 | Create | Archer |
| 14:52 | Create | Villager (Male) |
| 14:55 | Build | Farm |
| 14:56 | Build | Farm |
| 15:38 | Create | Archer |
| 15:40 | Create | Archer |
| 15:40 | Create | Archer |
| 15:41 | Create | Villager (Male) |
| 15:43 | Build | Farm |
| 15:43 | Build | Farm |
| 16:12 | Create | Archer |
| 16:12 | Create | Archer |
| 16:13 | Create | Villager (Male) |
| 16:18 | Build | Farm |
| 16:19 | Build | Farm |
| 16:27 | Build | House |
| 16:28 | Build | House |
| 16:44 | Create | Villager (Male) |
| 16:58 | Create | Archer |
| 16:59 | Create | Villager (Male) |
| 17:02 | Build | Farm |
| 17:03 | Build | Farm |
| 17:14 | Create | Archer |
| 17:38 | Create | Villager (Male) |
| 17:39 | Create | Archer |
| 17:39 | Create | Archer |
| 17:43 | Create | Villager (Male) |
| 17:56 | Build | House |
| 17:58 | Build | House |
| 18:15 | Build | Farm |
| 18:26 | Research | Castle Age |
| 18:26 | Research | Castle Age |
| 18:30 | Create | Archer |
| 18:30 | Create | Archer |
| 18:52 | Build | Lumber Camp |
| 18:54 | Create | Archer |
| 19:00 | Research | Gold Mining |
| 19:30 | Create | Archer |
| 19:30 | Create | Archer |
| 19:35 | Research | Padded Archer Armor |
| 19:43 | Build | House |
| 19:43 | Build | House |
| 19:43 | Build | House |
| 19:44 | Build | House |
| 20:20 | Create | Archer |
| 20:20 | Create | Archer |
| 20:27 | Create | Archer |
| 20:42 | Create | Archer |
| 20:42 | Create | Archer |
| 20:44 | Create | Villager (Male) |
| 21:06 | Age | Castle Age |
| 21:14 | Research | Bodkin Arrow |
| 21:15 | Research | Crossbowman (upgrade) |
| 21:15 | Research | Crossbowman (upgrade) |
| 21:35 | Research | Bow Saw |
| 21:36 | Create | Villager (Male) |
| 21:36 | Create | Villager (Male) |
| 21:40 | Build | Town Center |
| 21:50 | Build | Farm |
| 21:50 | Build | Farm |
| 21:50 | Build | Farm |
| 22:13 | Create | Archer |
| 22:13 | Create | Archer |
| 22:14 | Create | Archer |
Build order — Patopsx
First 150 of 222 actions detected
| 0:01 | Create | Villager (Male) |
| 0:02 | Build | House |
| 0:03 | Build | House |
| 0:10 | Create | Villager (Male) |
| 0:10 | Create | Villager (Male) |
| 0:24 | Create | Villager (Male) |
| 0:24 | Create | Villager (Male) |
| 1:34 | Create | Villager (Male) |
| 1:34 | Create | Villager (Male) |
| 1:48 | Build | Lumber Camp |
| 2:00 | Create | Villager (Male) |
| 2:00 | Create | Villager (Male) |
| 2:23 | Create | Villager (Male) |
| 2:23 | Create | Villager (Male) |
| 2:48 | Create | Villager (Male) |
| 2:49 | Create | Villager (Male) |
| 3:26 | Create | Villager (Male) |
| 3:26 | Create | Villager (Male) |
| 3:26 | Create | Villager (Male) |
| 3:53 | Build | House |
| 4:15 | Create | Villager (Male) |
| 4:15 | Create | Villager (Male) |
| 4:20 | Build | Mill |
| 4:55 | Create | Villager (Male) |
| 4:55 | Create | Villager (Male) |
| 4:55 | Create | Villager (Male) |
| 4:56 | Create | Villager (Male) |
| 4:59 | Create | Villager (Male) |
| 4:59 | Create | Villager (Male) |
| 5:09 | Create | Villager (Male) |
| 5:31 | Build | House |
| 5:51 | Create | Villager (Male) |
| 6:05 | Create | Villager (Male) |
| 7:11 | Research | Loom |
| 7:11 | Research | Feudal Age |
| 9:07 | Create | Villager (Male) |
| 9:07 | Create | Villager (Male) |
| 10:20 | Age | Feudal Age |
| 10:21 | Build | Market |
| 10:23 | Build | Blacksmith |
| 11:13 | Research | Castle Age |
| 11:26 | Research | Double-Bit Axe |
| 11:28 | Research | Horse Collar |
| 11:35 | Build | Farm |
| 11:36 | Build | Farm |
| 11:52 | Build | Farm |
| 12:38 | Build | Barracks |
| 12:48 | Build | House |
| 13:03 | Build | Farm |
| 13:13 | Build | Mining Camp |
| 13:40 | Create | Villager (Male) |
| 13:40 | Create | Villager (Male) |
| 13:53 | Age | Castle Age |
| 13:58 | Build | Stable |
| 14:04 | Research | Scale Barding Armor |
| 14:09 | Build | Farm |
| 14:24 | Create | Villager (Male) |
| 14:26 | Build | Farm |
| 14:52 | Create | Steppe Lancer |
| 14:57 | Build | Farm |
| 15:02 | Build | Farm |
| 15:13 | Create | Steppe Lancer |
| 15:15 | Build | Farm |
| 15:27 | Build | House |
| 15:35 | Create | Villager (Male) |
| 15:35 | Create | Villager (Male) |
| 15:45 | Create | Steppe Lancer |
| 15:50 | Create | Villager (Male) |
| 16:02 | Build | House |
| 16:03 | Build | Farm |
| 16:27 | Research | Bloodlines |
| 16:37 | Create | Villager (Male) |
| 16:40 | Build | Farm |
| 16:54 | Create | Steppe Lancer |
| 17:14 | Create | Villager (Male) |
| 17:17 | Create | Villager (Male) |
| 17:19 | Build | Farm |
| 17:26 | Create | Steppe Lancer |
| 17:26 | Create | Steppe Lancer |
| 17:37 | Create | Villager (Male) |
| 17:54 | Build | Town Center |
| 18:00 | Create | Villager (Male) |
| 18:11 | Create | Steppe Lancer |
| 18:26 | Create | Villager (Male) |
| 18:40 | Create | Steppe Lancer |
| 18:45 | Build | House |
| 18:58 | Create | Villager (Male) |
| 18:58 | Create | Villager (Male) |
| 19:14 | Create | Villager (Male) |
| 19:14 | Create | Villager (Male) |
| 19:34 | Create | Villager (Male) |
| 19:34 | Create | Villager (Male) |
| 19:36 | Build | Farm |
| 19:37 | Build | Farm |
| 19:41 | Build | Farm |
| 19:51 | Research | Forging |
| 20:06 | Create | Villager (Male) |
| 20:08 | Build | Farm |
| 20:20 | Create | Steppe Lancer |
| 20:55 | Create | Steppe Lancer |
| 20:56 | Create | Steppe Lancer |
| 21:02 | Create | Villager (Male) |
| 21:02 | Create | Villager (Male) |
| 21:12 | Build | Farm |
| 21:23 | Build | Farm |
| 21:24 | Create | Villager (Male) |
| 21:24 | Create | Villager (Male) |
| 21:25 | Create | Villager (Male) |
| 21:39 | Build | Farm |
| 21:40 | Create | Villager (Male) |
| 21:42 | Build | Lumber Camp |
| 21:49 | Build | Farm |
| 21:50 | Build | Farm |
| 21:55 | Research | Town Watch |
| 22:01 | Build | House |
| 22:03 | Build | House |
| 22:03 | Build | House |
| 22:17 | Create | Villager (Male) |
| 22:17 | Create | Villager (Male) |
| 22:18 | Build | Farm |
| 22:20 | Build | Farm |
| 22:27 | Create | Villager (Male) |
| 22:51 | Research | Husbandry |
| 22:52 | Create | Steppe Lancer |
| 22:52 | Create | Steppe Lancer |
| 22:57 | Create | Villager (Male) |
| 22:59 | Build | Farm |
| 23:03 | Build | Mining Camp |
| 23:14 | Build | Farm |
| 23:15 | Create | Villager (Male) |
| 23:15 | Create | Villager (Male) |
| 23:28 | Create | Villager (Male) |
| 23:28 | Create | Villager (Male) |
| 24:07 | Research | Wheelbarrow |
| 24:10 | Create | Villager (Male) |
| 24:14 | Build | House |
| 24:15 | Build | House |
| 24:16 | Build | House |
| 24:19 | Research | Heavy Plow |
| 24:39 | Build | Farm |
| 24:54 | Build | Farm |
| 24:56 | Create | Villager (Male) |
| 24:56 | Create | Villager (Male) |
| 25:05 | Create | Steppe Lancer |
| 25:05 | Create | Steppe Lancer |
| 25:16 | Build | Farm |
| 25:27 | Create | Villager (Male) |
| 25:27 | Create | Villager (Male) |
| 25:27 | Create | Villager (Male) |
| 25:39 | Create | Steppe Lancer |
Build order — AM | Popeyin
First 150 of 204 actions detected
| 0:02 | Create | Villager (Male) |
| 0:02 | Create | Villager (Male) |
| 0:02 | Create | Villager (Male) |
| 0:04 | Create | Villager (Male) |
| 0:06 | Build | House |
| 0:09 | Build | House |
| 1:11 | Build | Mill |
| 1:48 | Create | Villager (Male) |
| 1:48 | Create | Villager (Male) |
| 2:15 | Create | Villager (Male) |
| 2:16 | Create | Villager (Male) |
| 2:47 | Create | Villager (Male) |
| 2:47 | Create | Villager (Male) |
| 2:54 | Build | House |
| 2:57 | Build | House |
| 3:14 | Create | Villager (Male) |
| 3:14 | Create | Villager (Male) |
| 3:56 | Create | Villager (Male) |
| 3:56 | Create | Villager (Male) |
| 4:51 | Create | Villager (Male) |
| 4:51 | Create | Villager (Male) |
| 4:52 | Create | Villager (Male) |
| 5:38 | Create | Villager (Male) |
| 5:39 | Create | Villager (Male) |
| 5:39 | Create | Villager (Male) |
| 6:39 | Create | Villager (Male) |
| 6:40 | Create | Villager (Male) |
| 6:40 | Create | Villager (Male) |
| 6:48 | Build | Lumber Camp |
| 7:27 | Create | Villager (Male) |
| 7:27 | Create | Villager (Male) |
| 7:28 | Create | Villager (Male) |
| 7:28 | Create | Villager (Male) |
| 8:16 | Create | Villager (Male) |
| 8:16 | Create | Villager (Male) |
| 9:35 | Research | Feudal Age |
| 9:36 | Research | Feudal Age |
| 10:04 | Build | Mining Camp |
| 11:21 | Create | Villager (Male) |
| 11:21 | Create | Villager (Male) |
| 11:22 | Create | Villager (Male) |
| 11:27 | Build | House |
| 11:31 | Build | House |
| 11:43 | Build | Barracks |
| 11:45 | Age | Feudal Age |
| 11:54 | Research | Loom |
| 12:25 | Create | Villager (Male) |
| 12:25 | Create | Villager (Male) |
| 12:26 | Create | Villager (Male) |
| 12:31 | Build | Blacksmith |
| 12:36 | Build | Market |
| 13:30 | Build | House |
| 14:10 | Research | Castle Age |
| 14:35 | Build | Barracks |
| 14:45 | Research | Double-Bit Axe |
| 14:51 | Research | Horse Collar |
| 14:51 | Research | Horse Collar |
| 15:01 | Build | Farm |
| 15:01 | Build | Farm |
| 15:02 | Build | Farm |
| 15:02 | Build | Farm |
| 15:02 | Build | Farm |
| 15:03 | Build | Farm |
| 15:03 | Build | Farm |
| 15:03 | Build | Farm |
| 15:03 | Build | Farm |
| 15:04 | Build | Farm |
| 15:39 | Build | Farm |
| 15:42 | Build | Farm |
| 15:50 | Create | Villager (Male) |
| 16:21 | Research | Gold Mining |
| 16:22 | Research | Gold Mining |
| 16:24 | Create | Villager (Male) |
| 16:50 | Age | Castle Age |
| 17:04 | Build | Stable |
| 17:08 | Create | Villager (Male) |
| 17:32 | Build | Town Center |
| 18:05 | Build | House |
| 18:09 | Research | Husbandry |
| 18:17 | Create | Villager (Male) |
| 18:19 | Create | Villager (Male) |
| 18:44 | Create | Villager (Male) |
| 18:44 | Create | Villager (Male) |
| 18:45 | Create | Villager (Male) |
| 18:48 | Build | House |
| 18:51 | Build | House |
| 19:07 | Create | Villager (Male) |
| 19:23 | Build | Farm |
| 19:23 | Build | Farm |
| 19:24 | Build | Farm |
| 19:24 | Build | Farm |
| 19:24 | Build | Farm |
| 19:28 | Create | Villager (Male) |
| 19:29 | Create | Villager (Male) |
| 19:50 | Build | Stable |
| 19:58 | Create | Villager (Male) |
| 19:59 | Create | Villager (Male) |
| 20:28 | Create | Knight |
| 20:44 | Build | House |
| 20:48 | Build | House |
| 20:50 | Build | House |
| 21:11 | Create | Villager (Male) |
| 21:12 | Create | Villager (Male) |
| 21:21 | Create | Villager (Male) |
| 21:28 | Create | Villager (Male) |
| 21:43 | Build | Farm |
| 21:44 | Build | Farm |
| 21:44 | Build | Farm |
| 21:44 | Build | Farm |
| 21:45 | Build | Farm |
| 21:45 | Build | Farm |
| 21:45 | Build | Farm |
| 21:46 | Build | Farm |
| 21:46 | Build | Farm |
| 21:56 | Build | Lumber Camp |
| 22:16 | Build | Palisade Gate |
| 22:19 | Build | House |
| 22:23 | Build | Stable |
| 22:28 | Build | Stable |
| 22:36 | Research | Bloodlines |
| 22:36 | Create | Villager (Male) |
| 22:37 | Create | Villager (Male) |
| 23:25 | Research | Wheelbarrow |
| 23:26 | Create | Villager (Male) |
| 23:49 | Research | Bow Saw |
| 23:56 | Build | Farm |
| 23:56 | Build | Farm |
| 23:56 | Build | Farm |
| 23:57 | Build | Farm |
| 23:57 | Build | Farm |
| 23:57 | Build | Farm |
| 23:57 | Build | Farm |
| 23:58 | Build | Farm |
| 23:58 | Build | Farm |
| 24:10 | Build | House |
| 24:11 | Build | House |
| 24:24 | Research | Light Cavalry (upgrade) |
| 24:27 | Create | Knight |
| 24:58 | Create | Knight ×3 |
| 24:58 | Create | Knight ×3 |
| 25:11 | Build | Town Center |
| 25:16 | Create | Knight ×2 |
| 25:27 | Build | Farm |
| 25:29 | Build | Farm |
| 25:33 | Create | Villager (Male) |
| 25:34 | Create | Villager (Male) |
| 26:15 | Create | Villager (Male) |
| 26:15 | Create | Villager (Male) |
| 26:18 | Research | Scale Barding Armor |
| 26:20 | Research | Forging |
Build order — AM | DEMONIO_MX
First 150 of 206 actions detected
| 0:01 | Create | Villager (Male) |
| 0:01 | Create | Villager (Male) |
| 0:01 | Create | Villager (Male) |
| 0:02 | Create | Villager (Male) |
| 0:02 | Create | Villager (Male) |
| 0:04 | Build | House |
| 0:06 | Build | House |
| 1:28 | Create | Villager (Male) |
| 1:53 | Build | Lumber Camp |
| 2:04 | Create | Villager (Male) |
| 2:14 | Create | Villager (Male) |
| 2:14 | Create | Villager (Male) |
| 2:53 | Build | House |
| 3:12 | Create | Villager (Male) |
| 3:12 | Create | Villager (Male) |
| 3:42 | Create | Villager (Male) |
| 3:47 | Create | Villager (Male) |
| 4:11 | Build | Mill |
| 4:31 | Create | Villager (Male) |
| 4:32 | Create | Villager (Male) |
| 4:49 | Create | Villager (Male) |
| 4:49 | Create | Villager (Male) |
| 5:02 | Create | Villager (Male) |
| 5:02 | Create | Villager (Male) |
| 5:14 | Create | Villager (Male) |
| 5:44 | Build | House |
| 6:23 | Create | Villager (Male) |
| 6:46 | Research | Feudal Age |
| 7:45 | Build | Barracks |
| 8:36 | Create | Villager (Male) |
| 8:52 | Age | Feudal Age |
| 9:02 | Build | Stable |
| 9:07 | Research | Double-Bit Axe |
| 9:20 | Create | Villager (Male) |
| 9:32 | Research | Loom |
| 9:49 | Create | Scout Cavalry |
| 9:59 | Create | Villager (Male) |
| 10:20 | Create | Villager (Male) |
| 10:32 | Build | House |
| 10:50 | Create | Villager (Male) |
| 11:09 | Create | Villager (Male) |
| 11:14 | Build | Market |
| 11:24 | Create | Scout Cavalry |
| 11:29 | Research | Horse Collar |
| 11:29 | Research | Horse Collar |
| 11:41 | Build | Farm |
| 11:48 | Create | Scout Cavalry |
| 11:49 | Create | Villager (Male) |
| 12:05 | Create | Villager (Male) |
| 12:09 | Build | Farm |
| 12:11 | Build | Farm |
| 12:12 | Build | Farm |
| 12:13 | Build | Farm |
| 12:14 | Build | Farm |
| 12:15 | Build | Farm |
| 12:20 | Create | Scout Cavalry |
| 12:23 | Create | Villager (Male) |
| 12:28 | Build | House |
| 12:54 | Create | Villager (Male) |
| 13:08 | Build | Blacksmith |
| 13:19 | Create | Scout Cavalry |
| 13:29 | Create | Villager (Male) |
| 13:44 | Create | Villager (Male) |
| 13:55 | Create | Villager (Male) |
| 13:58 | Build | House |
| 14:13 | Create | Villager (Male) |
| 14:16 | Build | Farm |
| 14:18 | Build | House |
| 14:27 | Research | Scale Barding Armor |
| 14:28 | Create | Villager (Male) |
| 14:31 | Build | Farm |
| 14:32 | Build | Farm |
| 14:33 | Build | House |
| 14:43 | Create | Villager (Male) |
| 14:47 | Build | Farm |
| 14:51 | Build | Farm |
| 15:12 | Build | Mining Camp |
| 15:21 | Create | Villager (Male) |
| 15:31 | Build | Farm |
| 15:40 | Create | Scout Cavalry |
| 15:40 | Create | Villager (Male) |
| 15:53 | Create | Villager (Male) |
| 15:57 | Build | Farm |
| 16:13 | Create | Scout Cavalry |
| 16:13 | Create | Villager (Male) |
| 16:19 | Build | Farm |
| 16:20 | Build | Farm |
| 16:27 | Build | Farm |
| 17:00 | Create | Scout Cavalry |
| 17:15 | Create | Villager (Male) |
| 17:18 | Build | Farm |
| 17:20 | Build | Farm |
| 17:28 | Build | Stable |
| 18:27 | Create | Villager (Male) |
| 18:37 | Build | House |
| 18:46 | Build | Stable |
| 18:57 | Research | Castle Age |
| 19:18 | Research | Gold Mining |
| 19:53 | Build | Farm |
| 19:57 | Research | Bloodlines |
| 20:11 | Research | Forging |
| 20:11 | Research | Forging |
| 20:53 | Research | Wheelbarrow |
| 21:22 | Age | Castle Age |
| 21:27 | Research | Chain Barding Armor |
| 21:28 | Create | Knight |
| 21:29 | Create | Knight |
| 21:52 | Research | Light Cavalry (upgrade) |
| 22:04 | Build | Town Center |
| 22:23 | Build | House |
| 22:28 | Research | Iron Casting |
| 22:45 | Create | Knight |
| 22:52 | Create | Villager (Male) |
| 22:52 | Create | Villager (Male) |
| 23:09 | Create | Knight |
| 23:11 | Create | Villager (Male) |
| 23:37 | Research | Husbandry |
| 23:38 | Create | Villager (Male) |
| 23:38 | Create | Villager (Male) |
| 24:11 | Create | Knight |
| 24:11 | Create | Knight |
| 24:11 | Create | Knight |
| 24:11 | Create | Villager (Male) |
| 24:19 | Build | Farm |
| 24:39 | Create | Knight |
| 24:39 | Create | Knight |
| 24:39 | Create | Knight |
| 24:57 | Create | Knight |
| 24:59 | Create | Villager (Male) |
| 25:00 | Create | Villager (Male) |
| 25:08 | Create | Villager (Male) |
| 25:16 | Build | House |
| 25:19 | Build | Town Center |
| 25:32 | Research | Heavy Plow |
| 25:42 | Create | Knight |
| 25:42 | Create | Knight |
| 25:52 | Build | House |
| 25:53 | Build | House |
| 25:54 | Build | House |
| 25:54 | Build | House |
| 25:55 | Build | House |
| 26:07 | Create | Knight |
| 26:08 | Create | Knight |
| 26:08 | Create | Camel Scout |
| 26:26 | Create | Knight |
| 26:28 | Create | Villager (Male) |
| 26:30 | Build | Farm |
| 26:32 | Build | House |
| 26:38 | Create | Knight |
| 26:39 | Create | Knight |
Build order — Mazeta
First 150 of 334 actions detected
| 0:01 | Create | Villager (Male) |
| 0:02 | Create | Villager (Male) |
| 0:02 | Build | House |
| 0:04 | Build | House |
| 0:15 | Create | Villager (Male) |
| 0:37 | Create | Villager (Male) |
| 0:37 | Create | Villager (Male) |
| 1:39 | Build | Lumber Camp |
| 1:47 | Create | Villager (Male) |
| 1:48 | Create | Villager (Male) |
| 1:48 | Create | Villager (Male) |
| 2:04 | Create | Villager (Male) |
| 2:04 | Create | Villager (Male) |
| 2:27 | Create | Villager (Male) |
| 2:27 | Create | Villager (Male) |
| 2:49 | Create | Villager (Male) |
| 2:50 | Create | Villager (Male) |
| 2:50 | Create | Villager (Male) |
| 3:32 | Create | Villager (Male) |
| 3:33 | Create | Villager (Male) |
| 3:47 | Create | Villager (Male) |
| 3:47 | Create | Villager (Male) |
| 3:47 | Create | Villager (Male) |
| 4:01 | Build | House |
| 4:03 | Build | House |
| 4:13 | Create | Villager (Male) |
| 4:13 | Create | Villager (Male) |
| 4:38 | Create | Villager (Male) |
| 4:38 | Create | Villager (Male) |
| 4:39 | Create | Villager (Male) |
| 4:42 | Build | Mill |
| 4:52 | Create | Villager (Male) |
| 4:52 | Create | Villager (Male) |
| 4:52 | Create | Villager (Male) |
| 5:29 | Create | Villager (Male) |
| 5:29 | Create | Villager (Male) |
| 5:29 | Create | Villager (Male) |
| 5:51 | Create | Villager (Male) |
| 5:51 | Create | Villager (Male) |
| 6:39 | Create | Villager (Male) |
| 6:39 | Create | Villager (Male) |
| 6:39 | Create | Villager (Male) |
| 6:40 | Create | Villager (Male) |
| 7:20 | Create | Villager (Male) |
| 7:27 | Build | Farm |
| 7:27 | Build | Farm |
| 7:28 | Build | Farm |
| 7:32 | Build | Farm |
| 7:39 | Create | Villager (Male) |
| 7:45 | Build | Mining Camp |
| 8:09 | Research | Feudal Age |
| 8:27 | Build | House |
| 9:20 | Create | Villager (Male) |
| 10:19 | Age | Feudal Age |
| 10:23 | Build | Blacksmith |
| 10:31 | Build | Market |
| 10:49 | Create | Villager (Male) |
| 11:36 | Research | Castle Age |
| 11:36 | Research | Castle Age |
| 12:24 | Build | Lumber Camp |
| 12:49 | Research | Double-Bit Axe |
| 13:53 | Create | Villager (Male) |
| 13:53 | Create | Villager (Male) |
| 14:02 | Create | Villager (Male) |
| 14:02 | Create | Villager (Male) |
| 14:16 | Create | Villager (Male) |
| 14:16 | Create | Villager (Male) |
| 14:16 | Age | Castle Age |
| 14:19 | Build | Town Center |
| 14:35 | Build | Town Center |
| 14:39 | Create | Villager (Male) |
| 14:39 | Create | Villager (Male) |
| 14:46 | Build | House |
| 14:47 | Build | House |
| 15:11 | Create | Villager (Male) |
| 15:11 | Create | Villager (Male) |
| 15:28 | Create | Villager (Male) |
| 15:28 | Create | Villager (Male) |
| 15:39 | Build | House |
| 15:41 | Create | Villager (Male) |
| 15:41 | Create | Villager (Male) |
| 15:48 | Create | Villager (Male) |
| 15:48 | Create | Villager (Male) |
| 15:53 | Create | Villager (Male) |
| 15:53 | Create | Villager (Male) |
| 15:53 | Create | Villager (Male) |
| 16:08 | Build | Barracks |
| 16:10 | Create | Villager (Male) |
| 16:11 | Create | Villager (Male) |
| 16:18 | Build | House |
| 16:19 | Create | Villager (Male) |
| 16:19 | Create | Villager (Male) |
| 16:21 | Build | Farm |
| 16:21 | Build | Farm |
| 16:22 | Build | Farm |
| 16:22 | Build | Farm |
| 16:22 | Build | Farm |
| 16:35 | Build | Farm |
| 16:37 | Create | Villager (Male) |
| 16:38 | Create | Villager (Male) |
| 16:38 | Create | Villager (Male) |
| 16:46 | Build | Farm |
| 16:52 | Create | Villager (Male) |
| 16:53 | Create | Villager (Male) |
| 16:53 | Create | Villager (Male) |
| 16:55 | Build | Farm |
| 16:56 | Create | Villager (Male) |
| 16:56 | Create | Villager (Male) |
| 17:00 | Build | Farm |
| 17:15 | Create | Eagle Scout |
| 17:15 | Create | Eagle Scout |
| 17:19 | Create | Villager (Male) |
| 17:20 | Create | Villager (Male) |
| 17:24 | Build | Farm |
| 17:25 | Build | Farm |
| 17:37 | Create | Villager (Male) |
| 17:37 | Create | Villager (Male) |
| 17:37 | Create | Villager (Male) |
| 17:47 | Build | Farm |
| 17:50 | Build | Farm |
| 17:50 | Create | Villager (Male) |
| 17:50 | Create | Villager (Male) |
| 17:53 | Create | Eagle Scout |
| 18:05 | Build | Farm |
| 18:05 | Build | Farm |
| 18:05 | Build | Farm |
| 18:05 | Build | Farm |
| 18:06 | Build | Farm |
| 18:20 | Create | Villager (Male) |
| 18:20 | Create | Villager (Male) |
| 18:20 | Create | Villager (Male) |
| 18:22 | Build | Farm |
| 18:24 | Create | Eagle Scout |
| 18:24 | Create | Eagle Scout |
| 18:36 | Create | Villager (Male) |
| 18:36 | Create | Villager (Male) |
| 18:37 | Build | Farm |
| 18:37 | Build | Farm |
| 18:38 | Build | Farm |
| 18:38 | Build | Farm |
| 18:42 | Create | Villager (Male) |
| 18:42 | Create | Villager (Male) |
| 18:42 | Create | Villager (Male) |
| 18:58 | Create | Villager (Male) |
| 18:59 | Create | Villager (Male) |
| 18:59 | Create | Villager (Male) |
| 18:59 | Create | Villager (Male) |
| 19:10 | Research | Scale Mail Armor |
| 19:13 | Create | Villager (Male) |
| 19:13 | Create | Villager (Male) |
Build order — AM | Aparato de Golgi
First 150 of 201 actions detected
| 0:02 | Create | Villager (Male) ×4 |
| 0:04 | Build | House |
| 0:23 | Build | House |
| 0:26 | Build | House |
| 1:07 | Build | House |
| 1:41 | Create | Villager (Male) |
| 1:55 | Create | Villager (Male) |
| 2:11 | Create | Villager (Male) |
| 2:37 | Build | Lumber Camp |
| 2:54 | Create | Villager (Male) |
| 3:20 | Create | Villager (Male) |
| 3:21 | Create | Villager (Male) |
| 3:43 | Create | Villager (Male) |
| 3:56 | Create | Villager (Male) |
| 4:58 | Create | Villager (Male) |
| 5:20 | Create | Villager (Male) |
| 6:02 | Build | Barracks |
| 6:04 | Create | Villager (Male) |
| 6:38 | Research | Loom |
| 6:41 | Research | Feudal Age |
| 7:25 | Build | Mining Camp |
| 8:04 | Create | Villager (Male) |
| 8:51 | Age | Feudal Age |
| 9:06 | Build | Archery Range |
| 9:10 | Research | Double-Bit Axe |
| 9:13 | Create | Villager (Male) |
| 9:36 | Create | Villager (Male) |
| 9:40 | Build | Archery Range |
| 9:56 | Build | House |
| 9:57 | Build | House |
| 9:59 | Create | Archer |
| 10:00 | Create | Archer |
| 10:06 | Create | Villager (Male) |
| 10:31 | Create | Villager (Male) |
| 10:40 | Build | Blacksmith |
| 10:50 | Create | Archer |
| 10:53 | Create | Villager (Male) |
| 11:02 | Build | Mill |
| 11:22 | Create | Archer |
| 11:22 | Create | Archer |
| 11:23 | Create | Villager (Male) |
| 11:47 | Create | Villager (Male) |
| 11:49 | Create | Archer |
| 11:50 | Create | Archer |
| 11:51 | Research | Fletching |
| 12:01 | Build | House |
| 12:01 | Build | House |
| 12:13 | Create | Villager (Male) |
| 12:32 | Create | Archer |
| 12:32 | Create | Archer |
| 12:47 | Research | Padded Archer Armor |
| 12:50 | Create | Archer |
| 12:51 | Create | Archer |
| 13:11 | Research | Horse Collar |
| 13:32 | Create | Archer |
| 13:32 | Create | Archer |
| 13:35 | Create | Villager (Male) |
| 14:02 | Build | Farm |
| 14:03 | Build | Farm |
| 14:04 | Build | Farm |
| 14:09 | Create | Archer |
| 14:09 | Create | Archer |
| 14:14 | Build | Farm |
| 14:27 | Create | Villager (Male) |
| 14:32 | Build | House |
| 14:33 | Build | House |
| 14:51 | Create | Archer |
| 14:51 | Create | Archer |
| 15:13 | Create | Archer |
| 15:13 | Create | Archer |
| 15:14 | Create | Villager (Male) |
| 15:17 | Build | Farm |
| 15:24 | Build | Farm |
| 15:31 | Build | House |
| 15:44 | Create | Archer |
| 15:45 | Create | Archer |
| 15:45 | Create | Villager (Male) |
| 16:02 | Build | Farm |
| 16:07 | Build | House |
| 16:08 | Build | House |
| 16:11 | Create | Villager (Male) |
| 16:14 | Create | Archer |
| 16:14 | Create | Archer |
| 16:16 | Create | Villager (Male) |
| 16:28 | Build | Farm |
| 17:00 | Create | Villager (Male) |
| 17:02 | Build | Farm |
| 17:06 | Create | Archer |
| 17:06 | Create | Archer |
| 17:07 | Create | Villager (Male) |
| 17:25 | Create | Villager (Male) |
| 17:29 | Build | Farm |
| 17:33 | Build | Farm |
| 17:46 | Create | Archer |
| 17:47 | Create | Archer |
| 17:47 | Create | Villager (Male) |
| 17:58 | Build | Farm |
| 18:16 | Create | Archer |
| 18:16 | Create | Archer |
| 18:35 | Build | Farm |
| 18:40 | Create | Villager (Male) |
| 19:02 | Create | Villager (Male) |
| 19:18 | Create | Archer |
| 19:19 | Create | Archer |
| 19:23 | Build | House |
| 19:48 | Build | Stone Wall |
| 19:59 | Research | Castle Age |
| 20:31 | Create | Archer |
| 20:32 | Create | Archer |
| 21:17 | Create | Archer |
| 21:17 | Create | Archer |
| 21:33 | Build | Stone Wall |
| 21:46 | Build | House |
| 21:59 | Build | Mining Camp |
| 22:07 | Build | Lumber Camp |
| 22:14 | Research | Gold Mining |
| 22:21 | Research | Loom |
| 22:39 | Age | Castle Age |
| 22:45 | Research | Thumb Ring |
| 22:48 | Research | Bodkin Arrow |
| 23:10 | Research | Crossbowman (upgrade) |
| 23:15 | Create | Archer |
| 23:15 | Create | Archer |
| 23:20 | Create | Villager (Male) |
| 23:37 | Create | Archer |
| 23:37 | Create | Archer |
| 23:52 | Research | Leather Archer Armor |
| 24:16 | Create | Archer |
| 24:17 | Create | Archer |
| 24:18 | Create | Archer |
| 24:27 | Build | University |
| 24:28 | Create | Villager (Male) |
| 24:31 | Create | Villager (Male) |
| 24:34 | Create | Archer |
| 24:34 | Create | Archer |
| 25:05 | Research | Ballistics |
| 25:11 | Build | House |
| 25:11 | Build | House |
| 25:12 | Build | House |
| 25:15 | Build | House |
| 25:16 | Build | House |
| 25:17 | Build | House |
| 25:18 | Build | House |
| 26:05 | Create | Archer |
| 26:05 | Create | Archer |
| 26:09 | Research | Wheelbarrow |
| 26:10 | Create | Archer |
| 26:10 | Create | Archer |
| 26:12 | Create | Villager (Male) |
| 26:14 | Build | Farm |
Build order — 我是好人
124 actions detected in the replay
| 0:02 | Create | Villager (Male) |
| 0:02 | Create | Villager (Male) |
| 0:02 | Create | Villager (Male) |
| 0:03 | Create | Villager (Male) |
| 0:05 | Build | House |
| 0:32 | Build | House |
| 1:10 | Build | House |
| 1:10 | Build | House |
| 1:35 | Create | Villager (Male) |
| 1:35 | Create | Villager (Male) |
| 1:36 | Create | Villager (Male) |
| 1:48 | Build | Lumber Camp |
| 2:06 | Create | Villager (Male) |
| 2:06 | Create | Villager (Male) |
| 2:06 | Create | Villager (Male) |
| 2:31 | Create | Villager (Male) |
| 2:31 | Create | Villager (Male) |
| 3:00 | Create | Villager (Male) |
| 3:00 | Create | Villager (Male) |
| 3:14 | Create | Villager (Male) |
| 3:14 | Create | Villager (Male) |
| 3:14 | Create | Villager (Male) |
| 3:56 | Create | Villager (Male) |
| 3:56 | Create | Villager (Male) |
| 3:56 | Create | Villager (Male) |
| 4:27 | Create | Villager (Male) |
| 4:27 | Create | Villager (Male) |
| 4:52 | Create | Villager (Male) |
| 4:52 | Create | Villager (Male) |
| 5:19 | Create | Villager (Male) |
| 5:41 | Create | Villager (Male) |
| 5:50 | Create | Villager (Male) |
| 5:55 | Build | Mill |
| 6:25 | Create | Villager (Male) |
| 6:42 | Create | Villager (Male) |
| 7:19 | Build | Mining Camp |
| 7:21 | Research | Feudal Age |
| 8:39 | Build | Barracks |
| 9:27 | Build | House |
| 9:34 | Age | Feudal Age |
| 9:38 | Build | Archery Range |
| 9:39 | Create | Villager (Male) |
| 9:40 | Create | Villager (Male) |
| 10:07 | Create | Villager (Male) |
| 10:15 | Research | Loom |
| 10:39 | Create | Villager (Male) |
| 10:39 | Create | Villager (Male) |
| 11:07 | Build | Archery Range |
| 11:12 | Create | Villager (Male) |
| 11:21 | Build | Blacksmith |
| 11:24 | Create | Archer |
| 11:51 | Create | Archer |
| 11:57 | Build | House |
| 12:03 | Create | Villager (Male) |
| 12:06 | Create | Archer |
| 12:06 | Create | Archer |
| 12:25 | Research | Fletching |
| 12:34 | Create | Archer |
| 12:34 | Create | Archer |
| 12:41 | Create | Spearman |
| 12:51 | Create | Villager (Male) |
| 12:53 | Research | Double-Bit Axe |
| 13:09 | Create | Archer |
| 13:09 | Create | Archer |
| 13:20 | Build | Watch Tower |
| 13:27 | Create | Archer |
| 13:29 | Create | Spearman |
| 13:29 | Create | Spearman |
| 14:15 | Create | Archer |
| 14:15 | Create | Archer |
| 14:21 | Create | Spearman |
| 14:21 | Create | Spearman |
| 15:22 | Create | Archer |
| 15:22 | Create | Archer |
| 15:47 | Create | Villager (Male) |
| 15:47 | Create | Villager (Male) |
| 16:03 | Create | Archer |
| 16:04 | Create | Archer |
| 16:14 | Create | Villager (Male) |
| 16:15 | Create | Villager (Male) |
| 16:47 | Build | Farm |
| 16:48 | Build | Farm |
| 16:48 | Build | Farm |
| 16:52 | Create | Villager (Male) |
| 16:53 | Create | Villager (Male) |
| 16:53 | Create | Villager (Male) |
| 16:59 | Create | Archer |
| 16:59 | Create | Archer |
| 17:09 | Build | House |
| 17:24 | Create | Archer |
| 17:46 | Build | Farm |
| 17:52 | Create | Villager (Male) |
| 18:07 | Build | Farm |
| 18:08 | Build | Farm |
| 18:09 | Build | Farm |
| 18:11 | Build | Farm |
| 18:14 | Build | Farm |
| 18:17 | Create | Archer |
| 18:18 | Create | Archer |
| 18:43 | Build | Archery Range |
| 18:47 | Build | Archery Range |
| 18:51 | Create | Villager (Male) |
| 18:52 | Create | Villager (Male) |
| 19:28 | Build | Farm |
| 19:45 | Build | Farm |
| 19:45 | Build | Farm |
| 19:49 | Build | Farm |
| 19:53 | Create | Archer |
| 19:53 | Create | Archer |
| 19:53 | Create | Archer |
| 19:58 | Build | Farm |
| 20:17 | Create | Archer |
| 20:17 | Create | Archer |
| 20:46 | Create | Skirmisher |
| 20:46 | Create | Skirmisher |
| 20:55 | Build | House |
| 21:41 | Create | Skirmisher |
| 21:41 | Create | Skirmisher |
| 22:11 | Create | Villager (Male) |
| 22:11 | Create | Villager (Male) |
| 22:35 | Build | Lumber Camp |
| 22:37 | Create | Villager (Male) |
| 22:40 | Build | Farm |
| 23:07 | Build | Farm |
Match timeline
| 6:02 | AM | Aparato de Golgi · first_building Barracks |
| 7:45 | AM | DEMONIO_MX · first_building Barracks |
| 8:08 | AM | Chuchin · first_building Barracks |
| 8:39 | 我是好人 · first_building Barracks |
| 8:51 | AM | Aparato de Golgi · age_up feudal |
| 8:52 | AM | DEMONIO_MX · age_up feudal |
| 8:57 | AM | Chuchin · age_up feudal |
| 9:02 | AM | DEMONIO_MX · first_building Stable |
| 9:04 | AM | Chuchin · first_building Archery Range |
| 9:06 | AM | Aparato de Golgi · first_building Archery Range |
| 9:34 | 我是好人 · age_up feudal |
| 9:38 | 我是好人 · first_building Archery Range |
| 10:19 | Mazeta · age_up feudal |
| 10:20 | Patopsx · age_up feudal |
| 10:20 | AM | Chuchin · wall_segment Palisade Wall x1 |
| 10:22 | AM | Chuchin · wall_segment Palisade Wall x3 |
| 11:11 | Patopsx · first_market_sell 100 wood |
| 11:19 | El Choro Stifen · age_up feudal |
| 11:43 | AM | Popeyin · first_building Barracks |
| 11:45 | AM | Popeyin · age_up feudal |
| 12:38 | Patopsx · first_building Barracks |
| 13:52 | Mazeta · tribute_sent a jugador 1 |
| 13:52 | Mazeta · tribute_sent a jugador 2 |
| 13:52 | Mazeta · tribute_sent a jugador 3 |
| 13:52 | Mazeta · tribute_sent a jugador 4 |
| 13:52 | Mazeta · tribute_sent a jugador 5 |
| 13:52 | Mazeta · tribute_sent a jugador 7 |
| 13:52 | Mazeta · tribute_sent a jugador 8 |
| 13:53 | AM | Popeyin · first_market_buy 100 food |
| 13:53 | Patopsx · age_up castle |
| 13:58 | Patopsx · first_building Stable |
| 14:00 | AM | Popeyin · first_market_sell 100 wood |
| 14:16 | Mazeta · age_up castle |
| 15:29 | El Choro Stifen · first_market_sell 100 wood |
| 15:32 | El Choro Stifen · first_market_buy 100 stone |
| 15:34 | El Choro Stifen · age_up castle |
| 15:43 | Patopsx · first_market_buy 100 food |
| 15:43 | El Choro Stifen · first_building Castle |
| 16:08 | Mazeta · first_building Barracks |
| 16:50 | AM | Popeyin · age_up castle |
| 16:52 | Mazeta · first_market_buy 100 food |
| 17:04 | AM | Popeyin · first_building Stable |
| 17:49 | AM | DEMONIO_MX · first_market_buy 100 food |
| 19:02 | Mazeta · first_market_sell 100 wood |
| 19:48 | AM | Aparato de Golgi · wall_segment Stone Wall x6 |
| 21:06 | AM | Chuchin · age_up castle |
| 21:22 | AM | DEMONIO_MX · age_up castle |
| 21:24 | El Choro Stifen · first_building Monastery |
| 21:33 | AM | Aparato de Golgi · wall_segment Stone Wall x1 |
| 21:36 | Mazeta · first_building Monastery |
| 22:39 | AM | Aparato de Golgi · age_up castle |
| 22:56 | AM | Popeyin · tribute_sent a jugador 1 |
| 22:56 | AM | Popeyin · tribute_sent a jugador 2 |
| 22:56 | AM | Popeyin · tribute_sent a jugador 4 |
| 22:56 | AM | Popeyin · tribute_sent a jugador 5 |
| 22:56 | AM | Popeyin · tribute_sent a jugador 6 |
| 22:56 | AM | Popeyin · tribute_sent a jugador 7 |
| 22:56 | AM | Popeyin · tribute_sent a jugador 8 |
| 24:37 | 我是好人 · resign |
| 27:08 | Patopsx · first_building Castle |
| 29:44 | Patopsx · wall_segment Stone Wall x15 |
| 30:43 | AM | Aparato de Golgi · first_building Monastery |
| 31:54 | AM | Chuchin · first_building Monastery |
[ AI ANALYSIS · 1 CREDIT ]
What really happened in this match?
Wolo.gg analyzes every decision: build order, eco, micro, common mistakes by bracket. Personalized analysis on WhatsApp or Discord in 30 seconds.
Civ guide
Portuguese
Perfil
Jugador #2934988